 Dungeon Crawl Stone Soup version 0.31.0-11-ge490571c62 (webtiles) character file.

Game seed: 501254655028998576

0 monsoonserge the Vexing (level 1, -2/13 HPs)
             Began as a Demonspawn Enchanter on Jan 29, 2024.
             Slain by a hobgoblin (4 damage)
             ... on level 1 of the Dungeon.
             The game lasted 00:00:38 (14 turns).

monsoonserge the Vexing (Demonspawn Enchanter)        Turns: 14, Time: 00:00:38

Health: -2/13      AC:  2    Str:  8    XL:     1   Next: 8%
Magic:  3/3        EV: 12    Int: 15    God:
Gold:   0          SH:  0    Dex: 13    Spells: 4/4 levels left

rFire   . . .        a - +1 dagger
rCold   . . .        (no shield)
rNeg    . . .        b - +0 robe
rPois   .            (no helmet)
rElec   .            (no cloak)
rCorr   .            (no gloves)
SInv    .            (no boots)
Will    .....        (no amulet)
Stlth   ++           (no ring)
HPRegen 0.22/turn    (no ring)
MPRegen 0.08/turn

%: no passive effects
@: no status effects
A: no striking features
a: no special abilities


You were on level 1 of the Dungeon.
You visited 1 branch of the dungeon, and saw 1 of its levels.

Inventory:

Hand Weapons
 a - a +1 dagger (weapon)
Armour
 b - a +0 robe (worn)
Potions
 c - 2 potions of invisibility


   Skills:
 + Level 0.8 Short Blades
 + Level 1.7 Dodging
 + Level 2.6 Stealth
 + Level 2.0 Spellcasting
 + Level 3.0 Hexes


You had 4 spell levels left.
You didn't know any spells.
Your spell library contained the following spells:

 Spells                   Type           Power      Damage    Failure   Level
 Ensorcelled Hibernation  Hex/Ice        12%        N/A       19%         2
 Confusing Touch          Hex            10%        N/A       19%         3
 Tukima's Dance           Hex            10%        N/A       19%         3
 Dazzling Flash           Conj/Hex       12%        N/A       34%         3


Dungeon Overview and Level Annotations

Branches:
Dungeon (1/15)

Altars:


Message History

Welcome, monsoonserge the Demonspawn Enchanter.
Below lies the Orb of Zot, rumoured to be powerful enough to resurrect a god...
Press ? for a list of commands and other information.
Found a staircase leading out of the dungeon.
You enter the shallow water.
Moving in this stuff is going to be slow.
Found a stone staircase leading down.
A hobgoblin and a rat come into view.
The hobgoblin shouts!
You hear an angry hiss.
A ball python comes into view.
A quokka comes into view.
A rat and a quokka come into view.
A ball python comes into view.
The rat moves out of view.
The quokka moves out of view.
You hit the hobgoblin but do no damage. The hobgoblin barely misses you.
You closely miss the hobgoblin. The hobgoblin misses you.
You barely miss the ball python. The ball python closely misses you.
The ball python grabs you. The ball python constricts you.
The rat splashes around in the water.
The hobgoblin barely misses you. The ball python misses you.
The ball python constricts you.
You closely miss the ball python. Your punch misses the ball python.
The rat splashes around in the water.
The hobgoblin hits you. The ball python bites you.
The ball python constricts you.
You hit the ball python.
You kill the ball python!
The rat bites you. The hobgoblin closely misses you.
You barely miss the quokka. The rat bites you.
* * * LOW HITPOINT WARNING * * *
The quokka barely misses you. The hobgoblin closely misses you.
You barely miss the quokka. The rat closely misses you. The quokka bites you.
* * * LOW HITPOINT WARNING * * *
The hobgoblin hits you.
* * * LOW HITPOINT WARNING * * *
Unknown command.
You closely miss the quokka. The quokka barely misses you. The rat misses you.
The hobgoblin hits you.
You die...

..+ #..+ ...+
#..+++++. #...>....
#........ #
##r....... ..
#@g......r ..~
♣♣♣♣♣♣♣♣r.......
.~~≈♣≈≈≈♣≈♣≈~~......
♣~~~~~~~~~≈♣......
♣♣~~~~~~~~~≈♣####.#
♣≈~~~~<~~~~♣♣ .
♣≈~~~~~~~~~♣
♣≈~~~~~~~~~≈♣
#~~≈♣≈≈≈♣♣♣≈~~.


You could see a quokka, a hobgoblin and a rat.

Vanquished Creatures
  A ball python (D:1)
1 creature vanquished.

Notes
Turn   | Place    | Note
-------+----------+-------------------------------------------
     0 | D:1      | monsoonserge the Demonspawn Enchanter began the quest for
                  | the Orb.
     0 | D:1      | Reached XP level 1. HP: 13/13 MP: 3/3
    14 | D:1      | Slain by a hobgoblin

Illustrated notes

Levels and vault maps discovered:
D:1:      reono_arrival_forest_river, layout_rooms,
          hellmonk_ecumenical_altar_heavens_door

Action                     || total
---------------------------++-------
  Melee: Dagger            ||     8
 Armour: Robe              ||     7
  Dodge: Dodged            ||    11
